 Dungeon Crawl Stone Soup version 0.22-a0-480-g991dd4b (webtiles) character file.

501 Amnesiac the Charlatan (level 6, 0/32 HPs)
             Began as a Spriggan Artificer on June 16, 2018.
             Succumbed to an adder's poison
             ... on level 6 of the Dungeon.
             The game lasted 00:11:38 (2111 turns).

Amnesiac the Charlatan (Spriggan Artificer)         Turns: 2111, Time: 00:11:39

Health: 0/32       AC:  2    Str: 15    XL:     6   Next: 95%
Magic:  12/12      EV: 20    Int: 18    God:
Gold:   103        SH:  5    Dex: 16    Spells: 5/5 levels left

rFire    . . .     SeeInvis +   m - +0 whip (venom)
rCold    . . .     Gourm    .   l - +0 buckler
rNeg     . . .     Faith    .   b - +0 robe
rPois    .         Spirit   .   (helmet restricted)
rElec    .         Reflect  .   (no cloak)
rCorr    .         Harm     .   (gloves unavailable)
MR       +....                  (boots unavailable)
Stlth    ++........             (no amulet)
HPRegen  0.10/turn              (no ring)
MPRegen  0.13/turn              (no ring)

@: mighty, brilliant, lethally poisoned (0 -> -2), hasted, very quick
A: very small, unfitting armour, see invisible, herbivore, speed 3, slow
metabolism 2
a: no special abilities


You were on level 6 of the Dungeon.
You were not hungry.

You visited 1 branch of the dungeon, and saw 6 of its levels.

You collected 103 gold pieces.

Inventory:

Hand Weapons
 a - a +0 short sword
 m - a +0 whip of venom (weapon)
Armour
 b - a +0 robe (worn)
 l - a +0 buckler (worn)
 u - the +0 robe of Zec Sem {MR- rCorr Int+8 Stlth+}
   (You found it on level 5 of the Dungeon)

   It affects your intelligence (+8).
   It affects your resistance to hostile enchantments.
   It protects you from acid and corrosion.
   It makes you more stealthy.
Jewellery
 g - a +3 amulet of reflection {unknown}
Wands
 d - a wand of enslavement (14)
 q - a wand of digging (6)
Scrolls
 i - a scroll of enchant armour {!r, unknown}
 k - 2 scrolls of remove curse {!r, unknown}
 n - a scroll of fear {!r, unknown}
 p - 3 scrolls of teleportation {!r, unknown}
 r - a scroll of fog {!r}
 v - 2 scrolls of enchant weapon {!r}
 x - a scroll of immolation {!r}
 y - a scroll of blinking {!r, unknown}
Potions
 o - 3 potions of resistance {!q}
 t - 2 potions of agility {!q}
 z - a potion of haste {!q}
Comestibles
 f - 5 rations


   Skills:
 + Level 3.0 Fighting
 - Level 1.1 Short Blades
 - Level 5.9 Dodging
 - Level 1.5 Stealth
 - Level 7.8 Evocations


You had 5 spell levels left.
You didn't know any spells.
Your spell library was empty.

Dungeon Overview and Level Annotations

Branches:
Dungeon (6/15)
 Temple: D:4-7

Altars:
Elyvilon
Hepliaklqana
Kikubaaqudgha
Trog
Wu Jian
Xom

Shops:
D:4 [!=(

Annotations:
D:4 1 runed door, Laiders72's ghost, amateur FoFi


Innate Abilities, Weirdness & Mutations

You are very small and have problems with some larger weapons.
You are too small for most types of armour.
You have supernaturally acute eyesight. (SInv)
You are a herbivore.
You cover ground extremely quickly.
You need to consume almost no food.


Message History

What are your orders? t - Shout!
Orders for allies: a - Attack new target. r - Retreat! s - Stop attacking. g - Guard the area. f - Follow me.
Anything else - Cancel.
You shout for attention!
You hear an angry hiss.
Evoke which item? (* to show all) (? for menu, Esc to quit)
Aiming: Random Effects
Press: ? - help, Shift-Dir - straight line, f - worker ant
Aim: a worker ant (hasn't noticed you)
The bolt of poison hits the worker ant.
The worker ant is poisoned.
You kill the worker ant!
What are your orders? t - Shout!
Orders for allies: a - Attack new target. r - Retreat! s - Stop attacking. g - Guard the area. f - Follow me.
Anything else - Cancel.
You shout for attention!
* * * LOW HITPOINT WARNING * * *
You feel sick.
You hear an angry hiss.
Evoke which item? (* to show all) (? for menu, Esc to quit)
Aiming: Random Effects
Press: ? - help, Shift-Dir - straight line, f - adder
Aim: an adder The puff of flame hits the adder.
The adder is moderately wounded.
Evoke which item? (* to show all) (? for menu, Esc to quit)
Aiming: Random Effects
Press: ? - help, Shift-Dir - straight line, f/p - adder
Aim: an adder (moderately wounded)
The adder looks slightly unstable.
What are your orders? t - Shout!
Orders for allies: a - Attack new target. r - Retreat! s - Stop attacking. g - Guard the area. f - Follow me.
Anything else - Cancel.
You shout for attention!
Evoke which item? (* to show all) (? for menu, Esc to quit)
Aiming: Random Effects
Press: ? - help, Shift-Dir - straight line, f - worker ant, p - adder
Aim: a worker ant The bolt of poison hits the worker ant.
The worker ant is poisoned.
You kill the worker ant!
Your Fighting skill increases to level 3!
Unknown command.
Unknown command.
Evoke which item? (* to show all) (? for menu, Esc to quit)
Aiming: Random Effects
Press: ? - help, Shift-Dir - straight line, f - adder
Aim: an adder (moderately wounded)
The bolt of poison hits the adder.
The adder is poisoned.
You kill the adder!
You hear an angry hiss.
Evoke which item? (* to show all) (? for menu, Esc to quit)
Aiming: Random Effects
Press: ? - help, Shift-Dir - straight line, f - sky beast
Aim: a sky beast The sky beast flickers and vanishes for a moment.
The now-empty wand crumbles to dust.
You die...

..'†.)).(').)).#...F'......#####
..##.....#####.#.####.....(.....
#%....# ##.#.#...#.####.....
####### #......#.#.S..[.....
##†#####.......F.... #..#
#............ ##.##
#........S... ##########..#
#.#######.###
###....#....@.###.#######S###
..a....†........Y........Z...
###.o..#.....#.##.[..#.##...#
#....#.....#.#####S#....#.#
############.# #.#S.#.#.#
#####)# #...S#<#.# #..c.(##
#.#.##.... #......# #.#.##.#..
#......# #.#.##.###


You could see a sky beast (invisible).

Vanquished Creatures
  A sky beast (D:5)
  A bullfrog (D:6)
  A gnoll sergeant (D:6)
  A wyvern skeleton (D:6)
  An orc wizard (D:5)
  2 worker ants (D:6)
  4 gnolls (D:6)
  3 adders
  An adder skeleton (D:6)
  A leopard gecko (D:6)
  4 orcs (D:6)
  A bat (D:3)
  A quokka (D:6)
22 creatures vanquished.

Vanquished Creatures (collateral kills)
  An ice beast (D:6)
  A bullfrog skeleton (D:6)
  A gnoll (D:6)
3 creatures vanquished.

Grand Total: 25 creatures vanquished

Notes
Turn   | Place    | Note
-------+----------+-------------------------------------------
     0 | D:1      | Amnesiac the Spriggan Artificer began the quest for the Orb.
     0 | D:1      | Reached XP level 1. HP: 9/9 MP: 4/4
    93 | D:4      | Found Noorag's Distillery.
   110 | D:4      | Found Butiwone's Gadget Shoppe.
   152 | D:4      | Reached XP level 2. HP: 6/14 MP: 6/6
   267 | D:4      | Noticed Laiders72's ghost (amateur FoFi)
   403 | D:4      | Found Mobotog's Jewellery Boutique.
   720 | D:4      | Found Jolutugo's Antique Weapon Boutique.
   842 | D:4      | Found Tenohin's Armour Shoppe.
   913 | D:4      | Found a runed door.
   931 | D:5      | Entered Level 5 of the Dungeon
  1052 | D:5      | Noticed a gnoll sergeant
  1085 | D:5      | Got a bloodstained robe
  1131 | D:5      | Found an ancient bone altar of Kikubaaqudgha.
  1165 | D:5      | Noticed a sky beast
  1178 | D:5      | Identified the +0 robe of Zec Sem {MR- rCorr Int+8 Stlth+} (You found it on level 5 of the Dungeon)
  1234 | D:5      | Killed a sky beast
  1234 | D:5      | Reached skill level 6 in Evocations
  1234 | D:5      | Reached XP level 3. HP: 6/17 MP: 6/8
  1234 | D:5      | Reached XP level 4. HP: 8/21 MP: 6/9
  1381 | D:5      | Noticed a necrophage
  1421 | D:5      | Found a shimmering altar of Xom.
  1752 | D:5      | Reached skill level 5 in Dodging
  1752 | D:5      | Reached XP level 5. HP: 19/25 MP: 10/10
  1774 | D:5      | Found an ornate altar of the Wu Jian Council.
  1774 | D:5      | Found a white marble altar of Elyvilon.
  1774 | D:5      | Found a hazy altar of Hepliaklqana.
  1775 | D:5      | Found a bloodstained altar of Trog.
  1819 | D:6      | Noticed a sky beast
  1865 | D:6      | Noticed an ice beast
  1983 | D:6      | Noticed a centaur
  1998 | D:6      | Killed an ice beast
  1998 | D:6      | Reached skill level 7 in Evocations
  2071 | D:6      | Reached XP level 6. HP: 14/29 MP: 12/12
  2084 | D:6      | Reached skill level 1 in Fighting
  2098 | D:6      | HP: 1/32 [poisoned by an adder]
  2105 | D:6      | HP: 1/32 [poisoned by an adder]
  2111 | D:6      | Succumbed to an adder's poison

Vault maps used:
D:1:      dpeg_arrival_rhombi
D:3:      uniq_terence
D:4:      serial_shops, nicolae_shop_temple_entry_statues_fountains,
          nicolae_shop_trees, kennysheep_mini, shop, shop,
          uniq_crazy_yiuf_cottage
D:5:      overflow_temple_1_default, makhleb_blood_cavern_becter,
          xom_butterflies, chequers_temple_overflow_statue_of_worship,
          first_ration, hex_medium, lightli_minifort
D:6:      minivault_4

Skill      XL: |  1  2  3  4  5  6 |
---------------+-------------------+-----
Dodging        | 4 5 |  5.9
Evocations     | 6 7 |  7.8
Fighting       | 3 |  3.0
Short Blades   | |  1.1
Stealth        | |  1.5

Action                   |  1- 3 |  4- 6 || total
-------------------------+-------+-------++-------
Melee: Short sword       |    14 |     1 ||    15
       Whip              |       |    17 ||    17
Evoke: Wand              |     5 |    29 ||    34
  Use: Scroll            |       |     6 ||     6
       Potion            |       |     4 ||     4
Armor: Robe              |     6 |     4 ||    10
Dodge: Dodged            |    37 |    47 ||    84
Block: Buckler           |       |    16 ||    16

Table legend:
 A = Spawn XP
 B = Non-spawn XP
 C = Spawn XP percentage of total XP
 D = Spawn monster count
 E = Non-spawn monster count
 F = Spawn count percentage of total count
 G = Total turns spent on level
                    A         B        C        D         E        F      G
               +---------+---------+-------+---------+---------+-------+---------
         Total |       0 |     716 |   0.0 |       0 |      25 |   0.0 |  2111
               +---------+---------+-------+---------+---------+-------+---------
           D:3 |       0 |       2 |   0.0 |       0 |       1 |   0.0 |   172
           D:4 |       0 |      13 |   0.0 |       0 |       1 |   0.0 |   698
           D:5 |       0 |     182 |   0.0 |       0 |       2 |   0.0 |   888
           D:6 |       0 |     519 |   0.0 |       0 |      21 |   0.0 |   292
               +---------+---------+-------+---------+---------+-------+---------
